 Dungeon Crawl Stone Soup version 0.30.1-9-gdf580d7c3d (webtiles) character file.

Game seed: 10234003828402051240

80 Danienth the Ducker (level 4, -5/42 HPs)
             Began as a Troll Warper on Oct 2, 2023.
             Slain by Blork the orc
             ... wielding a +0 glaive
              (17 damage)
             ... on level 4 of the Dungeon.
             The game lasted 00:09:24 (1696 turns).

Danienth the Ducker (Troll Warper)                  Turns: 1696, Time: 00:09:25

Health: -5/42      AC:  4    Str: 19    XL:     4   Next: 18%
Magic:  4/4        EV: 10    Int:  9    God:
Gold:   74         SH:  0    Dex: 11    Spells: 3/5 levels left

rFire   . . .        i - +6 whip (drain)
rCold   . . .        l - orb {*channel}
rNeg    . . .        a - +0 robe
rPois   .            (helmet restricted)
rElec   .            (no cloak)
rCorr   .            (gloves unavailable)
SInv    .            (boots unavailable)
Will    .....        (no amulet)
Stlth   +            (no ring)
HPRegen 1.07/turn    (no ring)
MPRegen 0.09/turn

%: channel magic (20%)
@: brilliant, lethally poisoned (-5 -> -6), about to teleport, flying
A: large, unfitting armour, claws 3, regeneration 1, shaggy fur 1, tough skin 1
a: no special abilities


You were on level 4 of the Dungeon.
You visited 1 branch of the dungeon, and saw 4 of its levels.

You collected 74 gold pieces.

Inventory:

Hand Weapons
 d - a +1 short sword of protection
 i - a +6 whip of draining (weapon)
 m - a +0 sling
Missiles
 c - 7 boomerangs of dispersal (quivered)
 s - 2 poisoned darts
Armour
 a - a +0 robe (worn)
 e - a +1 pair of boots
 l - an orb of energy (worn)
Magical Staves
 r - a staff of poison
Scrolls
 b - a scroll of blinking
Potions
 g - 2 potions of heal wounds
 k - a potion of degeneration {unknown}
 n - a potion of mutation {unknown}


   Skills:
 - Level 2.0 Fighting
 - Level 0.7 Short Blades
 * Level 2.0 Maces & Flails
 - Level 0.8 Throwing
 - Level 2.5 Dodging
 - Level 0.1 Stealth
 - Level 2.1 Unarmed Combat
 - Level 1.2 Spellcasting
 - Level 2.1 Translocations


You had 3 spell levels left.
You knew the following spells:

 Your Spells              Type           Power      Damage    Failure   Level
a - Blink                 Tloc           12%        N/A       43%         2

Your spell library contained the following spells:

 Spells                   Type           Power      Damage    Failure   Level
 Lesser Beckoning         Tloc           12%        N/A       43%         2
 Teleport Other           Tloc           6%         N/A       63%         3
 Vhi's Electric Charge    Tloc/Air       6%         N/A       77%         3
 Manifold Assault         Tloc           6%         N/A       93%         4


Dungeon Overview and Level Annotations

Branches:
Dungeon (4/15)
 Temple: D:4-7

Altars:
The Shining One

Annotations:
D:4 Blork the orc


Innate Abilities, Weirdness & Mutations

You are too large for most types of armour.
You have claws for hands.
Your natural rate of healing is unusually fast.
You are covered in fur. (AC +1)
You have tough skin. (AC +1)


Message History

Blork the orc hits you from afar with a +0 glaive.
The hound bites you. The adder closely misses you.
It was a potion of brilliance.
You feel clever all of a sudden. The hound bites you but does no damage.
Blork the orc screams, "I'll rip your head off!"
Blork the orc begins to cast a cantrip, but forgets the words!
The adder barely misses you.
You hit the hound. You drain the hound.
You kill the hound!
Blork the orc hits you from afar with a +0 glaive.
The adder bites you but does no damage.
A ball python comes into view.
Blork the orc hits you from afar with a +0 glaive.
Your Maces & Flails skill increases to level 2!
You have reached level 4!
You feel much better. The adder bites you.
You are poisoned.
The adder poisons you!
Blork the orc hits you from afar with a +0 glaive.
The goblin unwields a +0 sling.
The goblin wields a +0 dagger.
The goblin closely misses you.
The endoplasm jiggles.
A goblin comes into view. It is wielding a +0 dagger.
The adder completely misses you.
You whack the adder!
The adder is almost dead.
You feel sick.
Blork the orc hits you from afar with a +0 glaive!
The adder bites you.
* * * LOW HITPOINT WARNING * * *
The goblin barely misses you.
A ball python comes into view.
Blork the orc closely misses you.
A steam dragon comes into view.
As you read the scroll of teleportation, it crumbles to dust.
You feel strangely unstable.
You feel sick.
The steam dragon hisses angrily.
The ball python hisses angrily.
Blork the orc hits you from afar with a +0 glaive!
You die...

,,****,,,,,,,......#*,**,,,,**,,*
,*******,,,.,#.....',,,+,,,,**,,,
****,,,**,,..#.....#*,**,.,******
***,,,,,,*,........♣#+#♣..,*
**,,,,,,,,,#...o..........,*
**,,,*,,,.##.,#..g........**
,*,,,,,,,#....###Sof......*
,**,,,,,,SD.....#Sh....#.#**
,,*,,,,*,,,,#.S.@gJK...#**,*
*,,*,,**,***###..#........,**
**,,,,,,,* ####........,,*
********* #........,,*
##.#.....,** *##....#** *,..###
*,,,.* **,,,*


You could see Blork the orc (fast), a steam dragon, a sleepcap, a gnoll bouda, a
hound, 2 adders, an endoplasm, a goblin, 2 ball pythons and a kobold.

Vanquished Creatures
  A hound (D:4)
  A dart slug (D:1)
  5 ball pythons
  3 endoplasms (D:1)
  4 giant cockroaches
  6 goblins
  7 hobgoblins
  3 quokkas (D:1)
  5 bats
  7 frilled lizards
  3 kobolds (D:1)
  A rat (D:1)
46 creatures vanquished.

Notes
Turn   | Place    | Note
-------+----------+-------------------------------------------
     0 | D:1      | Danienth the Troll Warper began the quest for the Orb.
     0 | D:1      | Reached XP level 1. HP: 19/19 MP: 1/1
    51 | D:1      | Found a faded altar of an unknown god.
   243 | D:1      | Reached XP level 2. HP: 28/28 MP: 2/2
   355 | D:1      | Learned a level 2 spell: Blink
   688 | D:1      | Reached XP level 3. HP: 35/35 MP: 3/3
  1276 | D:2      | Reached skill level 1 in Maces & Flails
  1354 | D:2      | Found a glowing golden altar of the Shining One.
  1682 | D:4      | Noticed Blork the orc
  1694 | D:4      | Reached XP level 4. HP: 20/42 MP: 4/4
  1695 | D:4      | Noticed a steam dragon
  1696 | D:4      | Slain by Blork the orc

Illustrated notes

Levels and vault maps discovered:
D:1:      dpeg_arrival_houses_and_road, layout_basic, serial_forest,
          infiniplex_forest_straight_4, infiniplex_forest_corner_1,
          infiniplex_forest_clump_tiny, infiniplex_forest_straight_4,
          infiniplex_forest_diagonal, hellmonk_ecumenical_altar_lost_god
D:2:      layout_basic, basic_altar, wander_ebering_terrifying_dragon_lair
D:3:      layout_basic, minmay_fractal_squares_5
D:4:      layout_cave_pools, grunt_temple_overflow_octagram, serial_park,
          serial_park_square3 [serial_park_minivault_5x5_3], serial_park_tiny_1,
          serial_park_gazebo [serial_park_minivault_5x5_6], serial_park_square1
          [serial_park_minivault_5x5_7], minmay_manual_moon, uniq_blork_the_orc,
          uniq_duvessa

Skill      XL: |  1  2  3 |
---------------+----------+-----
Dodging        | 2 |  2.5
Fighting       | 2 |  2.0
Maces & Flails | 2 |  2.0
Short Blades   | |  0.7
Throwing       | |  0.8
Stealth        | |  0.1
Unarmed Combat | |  2.1
Spellcasting   | |  1.2
Translocations | |  2.1

Action                     |  1- 3 |  4- 6 || total
---------------------------+-------+-------++-------
  Melee: Unarmed           |    15 |       ||    15
         Short sword       |   101 |       ||   101
         Whip              |    34 |     1 ||    35
    Use: Scroll            |     6 |     1 ||     7
         Potion            |     3 |     1 ||     4
   Stab: Sleeping          |     2 |       ||     2
 Armour: Robe              |    89 |       ||    89
  Dodge: Dodged            |    86 |     4 ||    90
